[Event "*** Titled Tuesday Blitz"]
[Site "Chess.com"]
[Date "2019.04.02"]
[Round "10"]
[White "RegZryt"]
[Black "Panchenko_Dmitry"]
[Result "0-1"]
[WhiteElo "2568"]
[BlackElo "2546"]
[TimeControl "180+2"]
[EndTime "16:18:21 PDT"]
[Termination "Panchenko_Dmitry won by resignation"]

1. d4 d5 2. c4 c6 3. Nf3 Nf6 4. e3 a6 5. Bd3 b5 6. cxb5 cxb5 7. O-O e6 8. Bd2 Bd6 9. Qe1 Nc6 10. Nc3 Bb7 11. Rc1 Rc8 12. h3 O-O 13. Ne2 Ne4 14. Bxe4 dxe4 15. Nh2 e5 16. dxe5 Nxe5 17. Rxc8 Qxc8 18. Bc3 Nf3+ 19. gxf3 exf3 20. Ng4 h5 21. Ng3 hxg4 22. Qd2 Bxg3 23. fxg3 f2+ 24. Qxf2 Qc6 25. Kh2 gxh3 26. Rg1 Rd8 27. Qf4 Rd1 28. e4 Rxg1 29. Kxg1 Qxe4 30. Qxe4 Bxe4 31. a3 f6 32. Kh2 Bf5 33. Bd4 Bg4 34. Bc3 Kf7 35. Bd4 Ke6 36. Bc3 g6 37. Bd4 f5 38. Be3 Ke5 39. Kg1 Ke4 40.
Bg5 Kd3 41. Kh2 Kc2 42. Bf6 g5 43. Kg1 f4 44. Kh2 f3 45. Kg1 Kd1 46. Bxg5 Ke2 0-1

[Event "*** Titled Tuesday Blitz"]
[Site "Chess.com"]
[Date "2019.04.02"]
[Round "10"]
[White "Konavets"]
[Black "Micki-taryan"]
[Result "1-0"]
[WhiteElo "2847"]
[BlackElo "2954"]
[TimeControl "180+2"]
[EndTime "16:18:22 PDT"]
[Termination "Konavets won by checkmate"]

1. e4 e5 2. Nf3 Nc6 3. Bc4 Bc5 4. O-O Nf6 5. d3 O-O 6. c3 d6 7. a4 a5 8. Bg5 h6 9. Bh4 g5 10.
Bg3 Ba7 11. Nbd2 Be6 12. Kh1 Kg7 13. Bb5 Bd7 14. Nc4 Ne7 15. Bxd7 Qxd7 16. Qb3 Ng6 17. Nxa5 h5 18. h4 gxh4 19. Bxh4 Qg4 20. Bxf6+ Kxf6 21. Nh2 Qg5 22. Nc4 Nf4 23. g3 Rg8 24. Qxb7 h4 25. Qxc7 Ne6 26. Qxd6 Rad8 27. Qa6 Rh8 28. Qxa7 Kg7 29.
Qe3 hxg3 30. Qxg5+ Nxg5 31. fxg3 Rxd3 32. Rae1 Rc8 33.
Nxe5 Rd2 34. Nef3 Nxf3 35. Nxf3 Rc2 36. Kg1 Rxb2 37. Rf2 Rb3 38. Nd4 Rbxc3 39. e5 R8c4 40. Nf5+ Kg6 41. Kg2 Rxa4 42. e6 fxe6 43. Rxe6+ Kg5 44.
Nh4 Ra5 45. Rg6+ Kh5 46. Rg8 Rg5 47. Rh8+ Kg4 48. Rf4# 1-0

[Event "*** Titled Tuesday Blitz"]
[Site "Chess.com"]
[Date "2019.04.02"]
[Round "10"]
[White "Gordima"]
[Black "Shant_Sargsyan"]
[Result "0-1"]
[WhiteElo "2747"]
[BlackElo "2937"]
[TimeControl "180+2"]
[EndTime "16:18:22 PDT"]
[Termination "Shant_Sargsyan won on time"]

1. Nf3 d5 2. d4 Nf6 3. c4 e6 4. Nc3 Bb4 5. Qa4+ Nc6 6. e3 O-O 7. Qc2 b6 8. cxd5 exd5 9. Bd3 Re8 10. O-O Bg4 11. Ne2 Bxf3 12. gxf3 Ne7 13. f4 Ng6 14. Ng3 Nh4 15. Nf5 Nxf5 16. Bxf5 Bd6 17. Bd2 Ne4 18. Bxe4 dxe4 19. Kh1 Qh4 20. d5 Rad8 21. Bc3 Bf8 22. Rg1 Rxd5 23. Rg2 Qh3 24. Rg3 Qh6 25. Qa4 Re6 26.
Rag1 g6 27. Qxa7 Rh5 28. R3g2 Rc6 29. Qa8 Rc4 30. Qd8 Rhc5 31. Rd1 Qh5 32. Rd2 Rxc3 33. bxc3 Rxc3 34. Rd1 Rc2 35. a4 Qf3 36. Kg1 Qe2 37.
Rf1 Rd2 38. Qa8 Rd1 0-1

[Event "*** Titled Tuesday Blitz"]
[Site "Chess.com"]
[Date "2019.04.02"]
[Round "10"]
[White "StoreySniper"]
[Black "Schachmalanders"]
[Result "0-1"]
[WhiteElo "2436"]
[BlackElo "2289"]
[TimeControl "180+2"]
[EndTime "16:18:24 PDT"]
[Termination "Schachmalanders won by resignation"]

1. f4 d5 2. d3 e6 3. Nf3 f5 4. g3 Nf6 5. Bg2 c6 6. O-O Bd6 7. Nc3 O-O 8. e4 fxe4 9. dxe4 Bc5+ 10. Kh1 b6 11. e5 Ng4 12. Qe2 Ba6 13. Qe1 Bxf1 14. Bxf1 Nd7 15. Bh3 h5 16. Bxg4 hxg4 17. Ng5 Qe8 18. Qe2 Qg6 19. Qxg4 Rae8 20. Qh3 Rf5 21.
Bd2 Be7 22. Nf3 Rh5 23. Qg2 Qxc2 24. Nd4 Qg6 25. Nxc6 Bc5 26. b4 Bf8 27. Ne2 Rc8 28.
Ned4 Nb8 29. b5 a6 30. a4 Nxc6 31. Nxc6 Qc2 32. Be3 Rxc6 33. bxc6 Qxc6 34. g4 Rh7 35. f5 Rh4 36. Qf3 Qc4 37. h3 Qc3 38. Rf1 Qxe5 39. fxe6 Bd6 40. Qf7+ Kh8 41. Bf4 Qe4+ 42.
Kh2 Qe2+ 43. Rf2 Qxf2+ 0-1

[Event "*** Titled Tuesday Blitz"]
[Site "Chess.com"]
[Date "2019.04.02"]
[Round "10"]
[White "WarlordX"]
[Black "ZeroRealtorFade"]
[Result "1-0"]
[WhiteElo "2470"]
[BlackElo "2261"]
[TimeControl "180+2"]
[EndTime "16:18:28 PDT"]
[Termination "WarlordX won by resignation"]

1. Nf3 Nf6 2. c4 g6 3. d4 c5 4. d5 b5 5. cxb5 a6 6. bxa6 Bg7 7. Nc3 d6 8. e4 Qa5 9. Bd2 Bxa6 10. Bxa6 Qxa6 11.
Qe2 Qxe2+ 12. Kxe2 Nbd7 13. Rab1 O-O 14. b3 Ng4 15. h3 Nge5 16. Nxe5 Bxe5 17. a4 c4 18. bxc4 Nc5 19. f3 Nxa4 20. Nxa4 Rxa4 21. Rhc1 Rc8 22. Rb4 Ra2 23. Kd3 Rca8 24. Rb3 Rxd2+ 25. Kxd2 Bf4+ 26. Kd1 Bxc1 27. Kxc1 Ra1+ 28. Rb1 Ra4 29. Rb8+ Kg7 30. Rc8 Ra1+ 31. Kd2 Ra2+ 32. Ke3 Rxg2 33.
Rc7 Kf6 34. f4 Rc2 35. Kd3 Rc1 36. e5+ dxe5 37. fxe5+ Kxe5 38. Rxe7+ Kf6 39. Re8 h5 40. Kd4 g5 41. d6 g4 42. hxg4 hxg4 43. c5 g3 44. Rg8 Rd1+ 45. Ke4 Rc1 46. Kd5 Rc3 47. d7 Rd3+ 48. Kc6 Ke7 49. Re8+ Kf6 50. d8=Q+ Rxd8 51. Rxd8 Ke5 52. Rg8 Kf4 53. Kd5 Kf3 1-0

[Event "*** Titled Tuesday Blitz"]
[Site "Chess.com"]
[Date "2019.04.02"]
[Round "10"]
[White "Amirreza_p"]
[Black "lachesisQ"]
[Result "0-1"]
[WhiteElo "2784"]
[BlackElo "3019"]
[TimeControl "180+2"]
[EndTime "16:18:33 PDT"]
[Termination "lachesisQ won by resignation"]

1. e4 c5 2. c3 Nf6 3. e5 Nd5 4.
d4 Nc6 5. Nf3 cxd4 6. cxd4 d6 7.
Bc4 e6 8. O-O Be7 9. Bd2 O-O 10.
Nc3 Nxc3 11. Bxc3 dxe5 12. dxe5 b6 13. Qe2 Bb7 14. Rfd1 Qc7 15. Bd3 Rfd8 16. Be4 Nb4 17. Bxb7 Qxb7 18. Bxb4 Bxb4 19. Rxd8+ Rxd8 20. Rd1 Rc8 21. Qd3 Be7 22. h4 h6 23. Qd7 Qc7 24. g3 Kf8 25. Kg2 a6 26. b3 b5 27. h5 b4 28. Rd4 a5 29. Qb5 Qc5 30. Qd3 Qc2 31. Qa6 Kg8 32. Qxa5 Bc5 33. Rd2 Qe4 34. Rd8+ Rxd8 35.
Qxd8+ Bf8 36. Qd2 Qf5 37. Qf4 Qxh5 38. Qe4 Qf5 39. Qxf5 exf5 40. Nd4 g6 41. Kf3 Bc5 42. Ke3 g5 43. Kd3 Bxd4 44. Kxd4 h5 45. f4 Kg7 46.
fxg5 Kg6 47. a4 bxa3 48. Kc3 f4 49. gxf4 h4 50. b4 h3 51. b5 a2 0-1

[Event "*** Titled Tuesday Blitz"]
[Site "Chess.com"]
[Date "2019.04.02"]
[Round "10"]
[White "novocane"]
[Black "almaguerjm"]
[Result "1-0"]
[WhiteElo "2203"]
[BlackElo "2311"]
[TimeControl "180+2"]
[EndTime "16:18:35 PDT"]
[Termination "novocane won by resignation"]

1. d4 Nf6 2. c4 c5 3. d5 e6 4.
Nc3 exd5 5. cxd5 d6 6. e4 g6 7. f3 Bg7 8. Bg5 O-O 9. Qd2 Qa5 10. Nge2 Re8 11. Ng3 a6 12. Be2 b5 13. O-O b4 14.
Nd1 Qc7 15. Rc1 a5 16. Ne3 Ba6 17. Bxa6 Nxa6 18. Nc4 Nd7 19. Bh6 Bd4+ 20. Be3 Bxe3+ 21.
Qxe3 Nb6 22. Qh6 Nxc4 23. Rxc4 Qe7 24. f4 Nc7 25. f5 Qf8 26. Qh4 Nb5 27. fxg6 hxg6 28.
Nf5 gxf5 29. exf5 Nd4 30. f6 Re5 31. Rf4 Ne2+ 32. Kf2 Nxf4 33. Rxf4 Qc8 34. Rg4+ Qxg4 35.
Qxg4+ Kf8 36. Qg7+ Ke8 37. Qg8+ Kd7 38. Qxa8 Rf5+ 39.
Ke3 Rxf6 40. Qxa5 Rf5 41. Qa7+ Ke8 42. Qb8+ Ke7 43. Qc7+ Kf6 44. Qxd6+ Kg5 45. Qxc5 f6 46. g3 Kg4 47. Qd4+ Kh3 48. Qh4+ Kg2 49. Qe4+ 1-0

[Event "*** Titled Tuesday Blitz"]
[Site "Chess.com"]
[Date "2019.04.02"]
[Round "10"]
[White "zurzan"]
[Black "chesstatour"]
[Result "1-0"]
[WhiteElo "2038"]
[BlackElo "2003"]
[TimeControl "180+2"]
[EndTime "16:18:35 PDT"]
[Termination "zurzan won on time"]

1. c4 Nf6 2. g3 e6 3. Bg2 d5 4. b3 d4 5. d3 c5 6. Nf3 Nc6 7. e3 e5 8. exd4 exd4 9. O-O Be7 10. Bg5 O-O 11. a3 h6 12. Bxf6 Bxf6 13. Nbd2 Bf5 14.
Qc2 Qd7 15. Rfe1 Rfe8 16. Rad1 Rad8 17. Rxe8+ Rxe8 18. Re1 b6 19. Rxe8+ Qxe8 20. Bf1 g5 21. h3 h5 22. Nh2 Qe6 23. g4 hxg4 24. hxg4 Bxg4 25.
Ne4 Be7 26. Qd2 f6 27. b4 Bf5 28. Ng3 cxb4 29. Nxf5 Qxf5 30. axb4 Bxb4 31. Qe2 Qe5 32. Qh5 Qe7 33. Ng4 Ne5 34. Nh6+ Kf8 35. Qh3 Qd7 36. Nf5 Ke8 37. Qh8+ Bf8 38. Qxf6 Ng4 39. Qxg5 Ne5 40. Qf4 Ng6 41. Qe4+ Be7 42. Ng7+ Kf7 43. Nf5 Qe6 44. Nh6+ Kf6 45. Qxd4+ 1-0

[Event "*** Titled Tuesday Blitz"]
[Site "Chess.com"]
[Date "2019.04.02"]
[Round "10"]
[White "stepanosinovsky"]
[Black "TheBigBadChessDad"]
[Result "1-0"]
[WhiteElo "2354"]
[BlackElo "2223"]
[TimeControl "180+2"]
[EndTime "16:18:44 PDT"]
[Termination "stepanosinovsky won by checkmate"]

1. e4 e5 2. Nf3 Nf6 3. Nc3 Nc6 4. Bb5 Bb4 5. O-O O-O 6. d3 Bxc3 7. bxc3 d6 8. Bg5 h6 9. Bh4 Bg4 10. h3 Bxf3 11.
Qxf3 g5 12. Bg3 Nd7 13. h4 f6 14. Qg4 Qe7 15. f3 Kg7 16. Kf2 a6 17. Bc4 Na5 18. Be6 Nc5 19. Bf5 Na4 20. Rh1 Rh8 21. hxg5 hxg5 22. c4 b5 23. cxb5 axb5 24. f4 exf4 25. Bxf4 Nc6 26. Rh5 Ne5 27. Bxe5 Qxe5 28. Rah1 Rxh5 29.
Rxh5 Rh8 30. Rxh8 Kxh8 31. Qh5+ Kg7 32. Qh7+ Kf8 33. g3 Qc5+ 34. Kf3 Qxc2 35. Qh8+ Kf7 36.
Qh7+ Kf8 37. Qh6+ Kf7 38. Qg6+ Kf8 39. Qxf6+ Ke8 40. Qh8+ Ke7 41. Qg7+ Ke8 42. Qg8+ Ke7 43. Qxg5+ Kf7 44. Qg6+ Kf8 45. Qf6+ Ke8 46. Qh8+ Kf7 47.
Qh7+ Kf8 48. Qh6+ Kf7 49. Qe6+ Kg7 50. Qe7+ Kg8 51. Be6+ Kh8 52. Qf8+ Kh7 53. Bf5# 1-0

[Event "*** Titled Tuesday Blitz"]
[Site "Chess.com"]
[Date "2019.04.02"]
[Round "10"]
[White "NMZanette"]
[Black "cukus"]
[Result "0-1"]
[WhiteElo "2227"]
[BlackElo "2371"]
[TimeControl "180+2"]
[EndTime "16:18:44 PDT"]
[Termination "cukus won by resignation"]

1. e4 e5 2. Nf3 Nf6 3. Nxe5 d6 4. Nf3 Nxe4 5. Nc3 Nxc3 6. dxc3 Be7 7. Bf4 O-O 8. Qd2 Nd7 9. O-O-O Nc5 10. Kb1 c6 11. Bd3 d5 12. h3 Qb6 13. Be3 a5 14. Ka1 a4 15. a3 Qc7 16. Nd4 b5 17. g4 Ne4 18.
Qe2 Re8 19. Qf3 Nd6 20. Nf5 Bxf5 21. gxf5 Nc4 22. Bf4 Qd7 23. Rhg1 Bf6 24. Bg5 Ne5 25. Qg2 Qd6 26. Bh6 Qf8 27. f4 Nxd3 28. Rxd3 Kh8 29. Bg5 Qe7 30. Rg3 Rg8 31. h4 b4 32. cxb4 Rab8 33.
Bxf6 Qxf6 34. Qh3 c5 35. c3 d4 36. bxc5 Rb3 37. Qg4 dxc3 38. Qg5 cxb2+ 39. Kb1 Qd4 40.
Rxb3 axb3 41. Qg2 Qxc5 42. f6 Qf5+ 43. Kxb2 Qxf6+ 44. Kb1 Qf5+ 45. Kb2 Qxf4 46. Rf1 Qd4+ 47. Kb1 Qxh4 48. Qf3 Qc4 49. Qxf7 Qc2+ 0-1

[Event "*** Titled Tuesday Blitz"]
[Site "Chess.com"]
[Date "2019.04.02"]
[Round "10"]
[White "emperor87"]
[Black "DagurR"]
[Result "1/2-1/2"]
[WhiteElo "2698"]
[BlackElo "2556"]
[TimeControl "180+2"]
[EndTime "16:18:49 PDT"]
[Termination "Game drawn by agreement"]

1. Nf3 c5 2. g3 Nc6 3. Bg2 Nf6 4. O-O g6 5. c4 Bg7 6. Nc3 d6 7. e4 O-O 8. d4 Ne8 9. d5 Ne5 10. Nxe5 Bxe5 11. Be3 f5 12. f4 Bg7 13. e5 dxe5 14.
fxe5 Bxe5 15. Bxc5 Qc7 16. Bd4 Bf6 17. Nb5 Qxc4 18.
a4 Bxd4+ 19. Nxd4 Nf6 20. Rc1 Qb4 21. Rc7 Bd7 22. d6 Qxd6 23. Rxb7 Rab8 24. Qb3+ Kh8 25.
Rd1 Rxb7 26. Bxb7 Rb8 27. a5 e5 28. Nf3 Rxb7 29. Rxd6 Rxb3 30. Nxe5 Rxb2 31. Rxf6 Bb5 32. Rf8+ Kg7 33. Rf7+ Kh6 34. Rxa7 Ra2 35. h4 g5 36. Nf7+ Kh5 37. Nd6 Bd3 38. Rxh7+ Kg4 39. Rg7 Kxg3 40. Rxg5+ Kxh4 41. Rg7 Rxa5 42. Kf2 Rd5 43.
Nf7 f4 44. Kf3 Bc2 45. Kxf4 Rd4+ 46. Ke3 Re4+ 47. Kf3 Re5 48. Nd6 Rg5 49. Rc7 Rg3+ 50. Kf2 Bg6 51. Rc5 Rg5 52. Rc4+ Rg4 53. Rc1 Kg5 54. Rc5+ Kf6 55. Nb5 Rg5 56. Rxg5 Kxg5 1/2-1/2

[Event "*** Titled Tuesday Blitz"]
[Site "Chess.com"]
[Date "2019.04.02"]
[Round "10"]
[White "Hunninn"]
[Black "Aemulus20"]
[Result "0-1"]
[WhiteElo "2602"]
[BlackElo "2524"]
[TimeControl "180+2"]
[EndTime "16:18:49 PDT"]
[Termination "Aemulus20 won by checkmate"]

1. d4 Nf6 2. Nf3 e6 3. Bg5 b6 4. e3 Bb7 5. Bd3 c5 6. c3 Be7 7.
Nbd2 d6 8. Qc2 Nbd7 9. a3 a6 10. O-O O-O 11. Rfe1 Rc8 12. Rac1 b5 13. Qb1 Re8 14.
c4 Qb6 15. b4 cxd4 16. Nxd4 Ne5 17. cxb5 axb5 18. Bxb5 Rxc1 19. Rxc1 Ra8 20. a4 h6 21.
a5 Qa7 22. Bh4 Rb8 23. Nc6 Bxc6 24. Bxc6 Nxc6 25. Rxc6 d5 26. b5 Qxa5 27. Qc2 Qxb5 28. h3 g5 29. Bg3 Bf8 30. Bxb8 Qxb8 31. Rc8 Qd6 32. Qa4 Kg7 33. Qd4 e5 34. Qa1 Qe6 35. Qa8 Bb4 36. Nf3 Be7 37. Rc6 Qf5 38. Qb8 Nd7 39. Qb7 Bf6 40. Rc7 e4 41. Nd4 Bxd4 42. Rxd7 Be5 43. Qxd5 Kg6 44. Re7 Bh2+ 45. Kxh2 Qxd5 46. Ra7 Qd2 47. Kg3 Qd6+ 48. Kg4 h5# 0-1

[Event "*** Titled Tuesday Blitz"]
[Site "Chess.com"]
[Date "2019.04.02"]
[Round "10"]
[White "bugsbunny444"]
[Black "Blitzstream"]
[Result "1/2-1/2"]
[WhiteElo "2510"]
[BlackElo "2676"]
[TimeControl "180+2"]
[EndTime "16:18:50 PDT"]
[Termination "Game drawn by agreement"]

1. Nf3 Nf6 2. c4 c6 3. g3 d5 4. Bg2 Bf5 5. cxd5 cxd5 6. Qb3 Qb6 7. Nc3 e6 8. d3 Qxb3 9. axb3 Nc6 10. O-O Be7 11.
Be3 O-O 12. Nd4 Nxd4 13. Bxd4 a6 14. e4 Bg6 15. exd5 exd5 16. Rfe1 Bb4 17. Bxf6 gxf6 18. Bxd5 Bxd3 19. Re3 Bg6 20. Bxb7 Rad8 21. Rxa6 Kg7 22.
Rf3 Rd2 23. Rb6 Bc5 24. Rbxf6 Rxb2 25. Na4 Rb1+ 26. Kg2 Be7 27. R6f4 Rd8 28. Be4 Bh5 29. g4 Bd6 30. gxh5 Bxf4 31. Rxf4 Rxb3 32. Nc5 Rb4 33. Kg3 Rdd4 34. Rg4+ Kf6 35. f3 Ke7 36. Rg7 h6 37. Nd3 Rb3 38. Ne5 Rxe4 39. Nxf7 Kf6 40. Rh7 Ree3 41.
Nxh6 Rxf3+ 42. Kg4 Rfc3 43. Rf7+ Ke6 44. Rf4 Rh3 1/2-1/2

[Event "*** Titled Tuesday Blitz"]
[Site "Chess.com"]
[Date "2019.04.02"]
[Round "10"]
[White "SaraciNderim"]
[Black "eldur16"]
[Result "0-1"]
[WhiteElo "2695"]
[BlackElo "2507"]
[TimeControl "180+2"]
[EndTime "16:18:56 PDT"]
[Termination "eldur16 won by resignation"]

1. d4 Nf6 2. Bg5 c5 3. Bxf6 gxf6 4. dxc5 Qa5+ 5. Qd2 Qxc5 6. Nc3 b6 7. Nf3 Bb7 8.
O-O-O d6 9. e3 Nd7 10. Kb1 f5 11. Bb5 Bg7 12. Nd4 O-O-O 13. Na4 Qe5 14. f4 Qf6 15.
Nc6 Bxc6 16. Bxc6 Nc5 17. c3 Nxa4 18. Bxa4 Kb8 19. Qd5 Rc8 20. Bc2 Rc5 21. Qd4 Qg6 22. Qd3 h5 23. g3 Rhc8 24. Rhe1 Qf6 25. Qd4 Qg6 26. Qd2 d5 27. Bd3 e6 28. Rc1 R8c7 29. Rc2 Bf6 30. Rec1 h4 31. gxh4 Bxh4 32. c4 dxc4 33.
Rxc4 Rxc4 34. Rxc4 Qg1+ 35. Kc2 Be1 36. Qe2 Bf2 37.
Rxc7 Kxc7 38. e4 fxe4 39. Bxe4 Qxh2 40. f5 Kd6 41. fxe6 fxe6 42. Qd2+ Ke7 43. Qg5+ Kd6 44.
Qd8+ Kc5 45. Qe7+ Kd4 46. Qd6+ Qxd6 0-1

[Event "*** Titled Tuesday Blitz"]
[Site "Chess.com"]
[Date "2019.04.02"]
[Round "10"]
[White "iLuusions"]
[Black "ChessicallyInclined"]
[Result "0-1"]
[WhiteElo "2607"]
[BlackElo "2548"]
[TimeControl "180+2"]
[EndTime "16:18:57 PDT"]
[Termination "ChessicallyInclined won by resignation"]

1. d4 d5 2. c4 e6 3. Nf3 Nf6 4. g3 dxc4 5. Bg2 a6 6. O-O Nc6 7. e3 Bd7 8. Ne5 Nxe5 9. dxe5 Nd5 10. Bxd5 exd5 11. Qxd5 Be6 12. Qf3 Be7 13. Nc3 c6 14. Ne2 Qc7 15. Qe4 Bd5 16. Qf4 O-O 17. e4 Be6 18.
Nd4 Bh3 19. Re1 Rad8 20. Nf5 Bb4 21. Qg5 Bxf5 22. exf5 f6 23. exf6 Bxe1 24. Bf4 Bxf2+ 25. Kxf2 Qb6+ 26. Kf1 Rxf6 27. Be5 Rf7 28. Re1 Rdf8 29.
g4 Qb5 30. Kg2 Qd5+ 31. Kg3 Re8 32. Bc3 Rxe1 33. Bxe1 Qe5+ 34. Kf2 Qd4+ 35. Kg3 Qd6+ 36. Kh3 Qd3+ 37. Bg3 Qf1+ 38. Kh4 h6 39. Qd8+ Rf8 40. Qd7 b5 41. Be5 Qe1+ 42. Bg3 Qe8 43. Qc7 Qd8+ 44.
Qxd8 Rxd8 45. Be5 Rd2 46. Kh5 Kf7 47. h4 b4 48. g5 hxg5 49. hxg5 a5 50. g6+ Kg8 51.
Kg5 a4 52. f6 gxf6+ 53. Kxf6 a3 54. bxa3 bxa3 55. Ke6 Rxa2 56. Kd6 Re2 57. Bf6 a2 58.
Kc5 Re1 0-1

[Event "*** Titled Tuesday Blitz"]
[Site "Chess.com"]
[Date "2019.04.02"]
[Round "10"]
[White "Vice64"]
[Black "AttilaTurzo"]
[Result "0-1"]
[WhiteElo "2543"]
[BlackElo "2579"]
[TimeControl "180+2"]
[EndTime "16:18:59 PDT"]
[Termination "AttilaTurzo won by resignation"]

1. e4 e5 2. Nf3 Nc6 3. Bb5 a6 4.
Ba4 Nf6 5. O-O Be7 6. Bxc6 dxc6 7. d3 Nd7 8. Nbd2 c5 9. Nc4 f6 10. a4 a5 11. Nh4 Nf8 12. f4 exf4 13. Bxf4 g5 14. Qh5+ Kd7 15. e5 gxf4 16. Nf5 Ng6 17. Nxe7 Qxe7 18. exf6 Qxf6 19. Qd5+ Ke7 20. Rae1+ Be6 21.
Qxc5+ Kd7 22. Re4 Ra6 23. Qb5+ Kc8 24. Nxa5 Rb6 25. Qc5 Qxb2 26. Rfe1 Bd7 27. Nc4 Qf6 28. Nxb6+ Qxb6 29. Qxb6 cxb6 30. Rb4 Re8 31. Rxe8+ Bxe8 32. Rxb6 Bxa4 33. Rf6 Bxc2 34. d4 Bb3 35. Kf2 b5 36. Kf3 Bd5+ 37. Kf2 b4 38. Rb6 b3 39. Rb5 Ne7 40.
g3 fxg3+ 41. hxg3 Kc7 42. Ke3 Kc6 43. Rb4 Nf5+ 44. Kf4 Nd6 45. g4 Nb5 46. g5 Nc3 47. Ke5 Nd1 48. Kf6 b2 49. Kg7 Be4 50. Rb3 b1=Q 51. Rxb1 Bxb1 52. Kh6 Bg6 53. Kg7 Kd5 54. Kh6 Kxd4 55. Kg7 Ke5 56. Kh8 Kf4 57. Kg7 Kxg5 58.
Kh8 h5 59. Kg7 h4 0-1

[Event "*** Titled Tuesday Blitz"]
[Site "Chess.com"]
[Date "2019.04.02"]
[Round "10"]
[White "KenanGarayev"]
[Black "wonderfultime"]
[Result "1-0"]
[WhiteElo "2793"]
[BlackElo "2899"]
[TimeControl "180+2"]
[EndTime "16:19:13 PDT"]
[Termination "KenanGarayev won by resignation"]

1. d4 d5 2. c4 c6 3. Nc3 Nf6 4. Nf3 a6 5. e3 Bf5 6. Be2 e6 7. O-O Nbd7 8. Nh4 Be4 9. f3 Bg6 10.
cxd5 cxd5 11. e4 dxe4 12. Nxg6 hxg6 13. fxe4 e5 14. dxe5 Bc5+ 15. Kh1 Nxe4 16. Bf4 Nxc3 17. bxc3 O-O 18. Qd5 Qe7 19. Qxb7 Ra7 20. Qe4 Re8 21. Bc4 Nxe5 22. Bxe5 Qxe5 23. Qxg6 Rf8 24. Qd3 Re7 25. Rf5 Qe3 26. Bxa6 Ba7 27. a4 g6 28. Rf3 Qe5 29. Bc4 Kg7 30. Qd5 Qc7 31. Qg5 f5 32. Rh3 Be3 33.
Rxe3 Rxe3 34. Qxe3 Qxc4 35. Qd4+ Qxd4 36. cxd4 Rd8 37. a5 Rxd4 38. a6 Rd8 39. a7 Ra8 40.
g4 fxg4 41. Kg2 Kf6 42. Kg3 Kf7 43. Kxg4 Kg7 44. Ra6 Kf7 45. Kg5 Ke7 46. Kxg6 Kd7 47. h4 Kc7 48. h5 Kb7 49. Ra1 Rg8+ 50. Kh7 Ra8 51. h6 Kb6 52. Kg7 1-0

[Event "*** Titled Tuesday Blitz"]
[Site "Chess.com"]
[Date "2019.04.02"]
[Round "10"]
[White "Guenplen"]
[Black "Floatingdream1"]
[Result "1/2-1/2"]
[WhiteElo "2903"]
[BlackElo "2817"]
[TimeControl "180+2"]
[EndTime "16:19:16 PDT"]
[Termination "Game drawn by repetition"]

1. Nf3 c5 2. c4 g6 3. d4 cxd4 4.
Nxd4 Nc6 5. e4 Nf6 6. Nc3 d6 7.
Be2 Nxd4 8. Qxd4 Bg7 9. Bg5 O-O 10. Qe3 a5 11. a4 Be6 12. O-O Rc8 13. b3 Nd7 14.
Rab1 Nc5 15. Nb5 Bd7 16. Rfe1 Bc6 17. Bf3 Ne6 18. Bh6 Re8 19. Bxg7 Kxg7 20. Bg4 Bd7 21. Bxe6 Bxe6 22. Rbd1 Rc5 23. f4 Qc8 24. h3 Rd8 25. e5 d5 26. Nd4 Rc7 27. Nb5 Rcd7 28. c5 d4 29. Nxd4 Bxb3 30. e6 Bxe6 31. Qe5+ Kg8 32.
Nxe6 fxe6 33. Qxe6+ Kg7 34. Qe5+ Kg8 35. Rb1 Qc6 36. Qe6+ Qxe6 37. Rxe6 Kf7 38. Reb6 Rd1+ 39. Kf2 Rxb1 40. Rxb1 Rd4 41. Ke3 Rxa4 42. Rxb7 Rc4 43. Rb5 a4 44. Kd3 Rxf4 45. c6 Ke6 46. Rc5 Rf8 47.
Ra5 Rc8 48. Ra6 Kd6 49. c7+ Kxc7 50. Rxa4 Kd7 51. Rh4 h5 52. Re4 Rf8 53. Ke3 Kd6 54. Ra4 Rf6 55. Ke4 Ke6 56. Ra5 Kf7 57. g4 h4 58. Ra3 Rf1 59. Ke5 Rf2 60. Ke4 g5 61. Ke5 Rf4 62. Rb3 Rf1 63. Ra3 Rf4 64. Rb3 Rf1 65.
Re3 Rf4 66. Rb3 Rf1 67. Re3 Rf4 68. Rb3 1/2-1/2

[Event "*** Titled Tuesday Blitz"]
[Site "Chess.com"]
[Date "2019.04.02"]
[Round "10"]
[White "12teen"]
[Black "MatthewG-p4p"]
[Result "1-0"]
[WhiteElo "2671"]
[BlackElo "2681"]
[TimeControl "180+2"]
[EndTime "16:19:16 PDT"]
[Termination "12teen won by resignation"]

1. e4 e6 2. d4 d5 3. Nc3 Bb4 4.
exd5 exd5 5. Bd3 Nf6 6. Ne2 O-O 7. O-O c6 8. f3 Re8 9. Bg5 h6 10.
Bh4 Nbd7 11. Nb1 Nf8 12. c3 Bd6 13. Qc2 Qc7 14. Bxf6 gxf6 15. f4 Bg4 16. g3 Re3 17.
Na3 Rae8 18. Rae1 Qe7 19. Rf2 Bxa3 20. bxa3 Qxa3 21. Kg2 Qe7 22. h3 Bc8 23. Ref1 Ne6 24. Qd2 Ng7 25. f5 Qd6 26. g4 b6 27. Nf4 c5 28.
Rf3 R3e7 29. R1f2 Bd7 30. Rg3 c4 31. Bf1 Re4 32. Kh2 R4e7 33. Bg2 Bc6 34. h4 Kh7 35. g5 Nxf5 36. Qc2 Re4 37. Bxe4 dxe4 38. Nh5 Nxg3 39.
Nxg3 hxg5 40. Qe2 e3 41. Qh5+ Kg7 42. Kh3 Bd7+ 43. Rf5 Rh8 44. Qf3 Rxh4+ 45. Kg2 Kg6 46. d5 e2 47. Kf2 Bxf5 48. Qxf5+ Kg7 49. Qf3 Rf4 50. Nh5+ Kg6 51. Nxf4+ Qxf4 52. Qxf4 gxf4 53. d6 f3 54. d7 f5 55. d8=Q 1-0

[Event "*** Titled Tuesday Blitz"]
[Site "Chess.com"]
[Date "2019.04.02"]
[Round "10"]
[White "SavelijTartakover"]
[Black "MrChessSponge"]
[Result "1-0"]
[WhiteElo "2624"]
[BlackElo "2293"]
[TimeControl "180+2"]
[EndTime "16:19:18 PDT"]
[Termination "SavelijTartakover won by resignation"]

1. d4 Nf6 2. Bg5 d5 3. e3 e6 4.
Bd3 Be7 5. Nd2 Nbd7 6. f4 h6 7.
Bh4 c5 8. c3 b6 9. Ngf3 Bb7 10.
Ne5 Ne4 11. Bxe7 Qxe7 12. Nxe4 Nxe5 13. Nxc5 Nxd3+ 14. Nxd3 O-O 15. O-O a5 16. Ne5 b5 17.
a3 Rfc8 18. Nd3 Rc4 19. Qd2 Bc6 20. Nc5 Be8 21. b3 Rxc5 22. dxc5 Qxc5 23. Qd4 Qc7 24. Rfc1 Rc8 25. h3 f6 26. f5 Bf7 27. fxe6 Bxe6 28.
a4 bxa4 29. Rxa4 Rb8 30. Qf4 Qxf4 31. exf4 Rxb3 32. Rxa5 Rb2 33. Rca1 Rc2 34. R5a3 Bf5 35. R1a2 Rc1+ 36. Kf2 Be4 37. Rd2 h5 38. Kg3 Kh7 39. f5 Rf1 40. Rf2 Rxf2 41. Kxf2 Bxf5 42. Ke3 Be4 43.
g3 Bg2 44. h4 Kg6 45. Ra7 Be4 46. c4 Kf5 47. c5 g5 48. Kd4 Ke6 49. Rg7 gxh4 50. gxh4 Bf5 51. Rb7 Bg4 52. Rb6+ Ke7 53.
Kxd5 Kd7 1-0

[Event "*** Titled Tuesday Blitz"]
[Site "Chess.com"]
[Date "2019.04.02"]
[Round "10"]
[White "KhalilMousavi77"]
[Black "Annawel"]
[Result "0-1"]
[WhiteElo "2742"]
[BlackElo "2891"]
[TimeControl "180+2"]
[EndTime "16:19:26 PDT"]
[Termination "Annawel won by resignation"]

1. e4 c5 2. Nf3 d6 3. d4 cxd4 4. Nxd4 Nf6 5. Nc3 a6 6. Bc4 e6 7.
Be3 Be7 8. f4 O-O 9. O-O b5 10.
Bb3 Bb7 11. e5 dxe5 12. fxe5 Nd5 13. Nxd5 Bxd5 14. Qg4 Bxb3 15. Bh6 g6 16. Bxf8 Bxf8 17. axb3 Qd5 18. Rad1 Ra7 19. Qf4 Rd7 20. c3 Bc5 21. b4 Bb6 22. Rfe1 Nc6 23. h4 Nxd4 24. cxd4 h5 25. Kh1 Bd8 26. Rc1 Qxd4 27. Qxd4 Rxd4 28. Red1 Rxh4+ 29. Kg1 Bb6+ 30. Kf1 Rf4+ 31. Ke2 Re4+ 32. Kd3 Rxe5 33. Rc6 Bf2 34. Rf1 Bg3 35. Rxa6 Rd5+ 36. Kc2 g5 37. Ra8+ Kg7 38. Ra7 h4 39. Raxf7+ Kg6 40.
R7f6+ Kh5 41. Rxe6 Rd4 42. Kc3 Rc4+ 43. Kb3 Rd4 44.
Rf5 Rd2 45. Re8 Kg4 46. Rxb5 Rxg2 47. Rg8 Bf4 48. Rc5 h3 49. Rh8 h2 50. Rc2 Rg3+ 51. Ka4 Rh3 52. Rh6 Rxh6 53. Rxh2 Rxh2 0-1

[Event "*** Titled Tuesday Blitz"]
[Site "Chess.com"]
[Date "2019.04.02"]
[Round "10"]
[White "GremioPrudente"]
[Black "Karina_Oparina"]
[Result "1-0"]
[WhiteElo "2072"]
[BlackElo "2213"]
[TimeControl "180+2"]
[EndTime "16:19:27 PDT"]
[Termination "GremioPrudente won by resignation"]

1. Nf3 Nf6 2. c4 e6 3. d4 b6 4.
g3 Bb7 5. Bg2 Be7 6. O-O O-O 7.
Nc3 Ne4 8. Qc2 Nxc3 9. Qxc3 c5 10. Rd1 d6 11. b3 Bf6 12. Bb2 Nc6 13. Qd2 Qe7 14.
d5 exd5 15. Bxf6 Qxf6 16. Qxd5 Rad8 17. Qg5 Qxg5 18. Nxg5 Na5 19. Rd2 Bxg2 20. Kxg2 Rfe8 21. Rad1 Nb7 22. Kf3 f5 23. Nh3 Kf7 24. Nf4 Re5 25.
Nd5 Rde8 26. h4 R8e6 27. e3 Rg6 28. Rd3 Ke8 29. Nf4 Rf6 30. Nd5 Rh6 31. Nc7+ Kd7 32.
Nb5 a6 33. Nc3 Kc6 34. Nd5 Rhe6 35. Nf4 Re8 36. Nd5 Nd8 37. Nf4 Nf7 38. Nd5 R5e6 39.
Nf4 Ne5+ 40. Ke2 Nxd3 41. Nxe6 Nb2 42. Nxg7 Nxd1 43. Nxe8 Nc3+ 44. Kd3 Nxa2 45. Ng7 Nc1+ 46.
Kc2 Ne2 47. Nxf5 d5 48. g4 d4 49. g5 dxe3 50. fxe3 Ng1 51. h5 Nf3 52. g6 hxg6 53. hxg6 1-0